 Dungeon Crawl Stone Soup version 0.27.1 (webtiles) character file.

Game seed: 9070765288694998720

37 pkoi the Ruffian (level 3, 0/33 HPs)
             Began as a Troll Gladiator on Aug 29, 2021.
             Slain by an adder (2 damage)
             ... on level 2 of the Dungeon.
             The game lasted 00:01:14 (970 turns).

pkoi the Ruffian (Troll Gladiator)                   Turns: 970, Time: 00:01:15

Health: 0/33       AC:  4    Str: 23    XL:     3   Next: 23%
Magic:  1/1        EV: 10    Int:  4    God:
Gold:   120        SH:  0    Dex: 11    Spells: 2/2 levels left

rFire    . . .     SeeInvis .     - Unarmed
rCold    . . .     Faith    .   (no shield)
rNeg     . . .     Spirit   .   a - +0 robe
rPois    .         Reflect  .   b - +0 hat
rElec    .         Harm     .   (no cloak)
rCorr    .         Rampage  .   (gloves unavailable)
Will     +....                  (boots unavailable)
Stlth    +.........             (no amulet)
HPRegen  1.11/turn              (no ring)
MPRegen  0.07/turn              (no ring)

@: brilliant, lethally poisoned (0 -> -1)
A: large, unfitting armour, claws 3, regeneration 1, shaggy fur 1, tough skin 1,
low mp 1, strong-willed 1, subdued magic 1
a: no special abilities


You were on level 2 of the Dungeon.
You visited 1 branch of the dungeon, and saw 2 of its levels.

You collected 120 gold pieces.

Inventory:

Missiles
 c - 3 throwing nets (quivered)
Armour
 a - a +0 robe (worn)
 b - a +0 hat (worn)
Scrolls
 e - a scroll of noise {unknown}
 i - a scroll of amnesia {unknown}
 k - a scroll of immolation {unknown}
 l - a scroll of identify {unknown}
Potions
 d - a potion of might {unknown}
 f - 3 potions of lignification {unknown}
 g - a potion of flight {unknown}


   Skills:
 - Level 1.5 Fighting
 - Level 1.7 Throwing
 - Level 2.4 Dodging
 + Level 4.4 Unarmed Combat


You had 2 spell levels left.
You didn't know any spells.
Your spell library contained the following spells:

 Spells                   Type           Power      Damage    Failure   Level
 Ignite Poison            Fire/Tmut/Pois 0%         N/A       83%         3
 Mephitic Cloud           Conj/Pois/Air  0%         N/A       83%         3
 Bolt of Magma            Conj/Fire/Erth 0%         4d4       100%        5


Dungeon Overview and Level Annotations

Branches:
Dungeon (2/15)

Altars:

Shops:
D:1 (

Annotations:
D:2 Sigmund


Innate Abilities, Weirdness & Mutations

You are too large for most types of armour.
You have claws for hands.
Your natural rate of healing is unusually fast.
You are covered in fur. (AC +1)
You have tough skin. (AC +1)
Your magical capacity is low. (-10% MP)
You are strong-willed. (Will+)
Your spells are a little easier to cast, but a little less powerful.


Message History

Sigmund flickers and vanishes!
Deactivating autopickup; reactivate with Ctrl-A.
You see here 9 gold pieces.
You now have 120 gold pieces (gained 9).
The adder hisses angrily.
A magic dart appears from out of thin air!
The magic dart hits you.
A puff of flame appears from out of thin air!
The puff of flame hits you! Something hits you! Something burns you.
* * * LOW HITPOINT WARNING * * *
The adder bites you.
* * * LOW HITPOINT WARNING * * *
You are poisoned.
The adder poisons you!
You closely miss the adder.
You feel sick. The adder closely misses you.
You closely miss the adder.
You feel sick. Something hits you but does no damage. The adder bites you.
* * * LOW HITPOINT WARNING * * *
You are more poisoned.
The adder poisons you!
Unknown command.
You feel sick.
You feel sick. The adder closely misses you.
You feel sick.
You feel sick.
You claw the adder!
The adder is severely wounded.
You feel sick. The adder bites you.
* * * LOW HITPOINT WARNING * * *
You are more poisoned.
The adder poisons you! Something hits you.
* * * LOW HITPOINT WARNING * * *
Something burns you.
* * * LOW HITPOINT WARNING * * *
You feel sick.
It was a potion of brilliance.
You feel clever all of a sudden.
You feel sick. The adder bites you but does no damage. The adder bites you.
You die...

......†........##..........
...............##..........
.............####.....)....
##...........####..........
................##.......#.
..#####.........##.......#.
....... #.........##.......#.
.......###........#####.......
.......#.....@##..#...#.......
.......#.....S##.##.>.#.......
.......#......##.#....#.......
.......#..†...####...##.......
.......#........#)...#........
....................##.......#
#######.........†.8.##........
#..........†..##.###....
#####.......#....#.'......


You could see an adder.

Vanquished Creatures
  A worm (D:2)
  A dart slug (D:2)
  3 giant cockroaches
  3 goblins
  5 hobgoblins
  4 jackals (D:1)
  2 quokkas
  2 ball pythons
  A bat (D:1)
  A frilled lizard (D:1)
  3 kobolds (D:2)
  2 rats (D:1)
28 creatures vanquished.

Notes
Turn   | Place    | Note
-------+----------+-------------------------------------------
     0 | D:1      | pkoi the Troll Gladiator began the quest for the Orb.
     0 | D:1      | Reached XP level 1. HP: 19/19 MP: 0/0
   107 | D:1      | Found a faded altar of an unknown god.
   214 | D:1      | Reached XP level 2. HP: 21/27 MP: 1/1
   358 | D:1      | Found Cohach's Antique Weapon Boutique.
   608 | D:2      | Reached skill level 4 in Unarmed Combat
   883 | D:2      | Reached XP level 3. HP: 33/33 MP: 2/2
   945 | D:2      | Noticed Sigmund
   947 | D:2      | Gained mutation: Your spells are a little easier to cast,
                  | but a little less powerful. [potion of mutation]
   947 | D:2      | Gained mutation: Your magical capacity is low. (-10% MP)
                  | [potion of mutation]
   947 | D:2      | Gained mutation: You are strong-willed. (Will+) [potion of
                  | mutation]
   968 | D:2      | HP: 1/33 [something (1)]
   970 | D:2      | Slain by an adder

Illustrated notes

Levels and vault maps discovered:
D:1:      erik_arrival_triangle_small, layout_basic, serial_shops, shop,
          hellmonk_ecumenical_altar_arch_garden, minmay_door_square
D:2:      layout_basic, grunt_ministairs_12, uniq_sigmund

Skill      XL: |  1  2 |
---------------+-------+-----
Unarmed Combat | 4 |  4.4
Fighting       | |  1.5
Throwing       | |  1.7
Dodging        | |  2.4

Action                   || total
-------------------------++-------
Melee: Unarmed           ||    73
  Use: Potion            ||     2
Armor: Robe              ||    21
Dodge: Dodged            ||    41
